 Dungeon Crawl Stone Soup version 0.29.1-2-gbd0b4ee654 (webtiles) character file.

Game seed: 10400370139655689846

63 fleeber the Conjurer (level 3, -5/19 HPs)
             Began as a Deep Elf Conjurer on Nov 6, 2022.
             Slain by Terence
             ... wielding a +0 falchion
              (8 damage)
             ... on level 3 of the Dungeon.
             The game lasted 00:06:14 (2441 turns).

fleeber the Conjurer (Deep Elf Conjurer)            Turns: 2441, Time: 00:06:15

Health: -5/19      AC:  4    Str:  4    XL:     3   Next: 87%
Magic:  0/10       EV: 12    Int: 24    God:
Gold:   92         SH:  0    Dex: 13    Spells: 7/10 levels left

rFire   . . .      SeeInvis +   (no weapon)
rCold   . . .      Faith    .   (no shield)
rNeg    . . .      Spirit   .   a - +0 robe
rPois   .          Reflect  .   (no helmet)
rElec   .          Harm     .   k - +0 cloak
rCorr   .          Rampage  .   e - +0 pair of gloves
Will    .....                   (no boots)
Stlth   ++........              (no amulet)
HPRegen 0.06/turn               f - +4 ring of slaying
MPRegen 0.12/turn               i - ring of see invisible

@: no status effects
A: no striking features
a: no special abilities


You were on level 3 of the Dungeon.
You visited 1 branch of the dungeon, and saw 3 of its levels.

You collected 92 gold pieces.

Inventory:

Armour
 a - a +0 robe (worn)
 e - a +0 pair of gloves (worn)
 k - a +0 cloak (worn)
Jewellery
 c - a ring of ice
 f - a +4 ring of slaying (left hand)
 i - a ring of see invisible (right hand)
Scrolls
 d - a scroll of blinking
 n - a scroll of enchant armour
 o - a scroll of identify
Potions
 b - a potion of magic
 h - a potion of lignification {unknown}
 j - a potion of cancellation {unknown}
 l - a potion of haste {unknown}
 m - 3 potions of heal wounds {unknown}
 p - a potion of might {unknown}
 q - 3 potions of degeneration {unknown}


   Skills:
 - Level 2.4 Dodging
 - Level 2.4 Stealth
 + Level 4.1 Spellcasting
 + Level 5.0 Conjurations
 + Level 2.0 Translocations


You had 7 spell levels left.
You knew the following spells:

 Your Spells              Type           Power      Damage    Failure   Level
a - Magic Dart            Conj           100%       1d8       1%          1
b - Searing Ray           Conj           58%        2d6       1%          2

Your spell library contained the following spells:

 Spells                   Type           Power      Damage    Failure   Level
 Blink                    Tloc           30%        N/A       6%          2
 Dazzling Flash           Conj/Hex       34%        N/A       11%         3
 Lesser Beckoning         Tloc           15%        N/A       12%         3
 Iskenderun's Mystic Bla  Conj/Tloc      22%        2d6       22%         4
 Fulminant Prism          Conj/Hex       8%         3d7       34%         4
 Manifold Assault         Tloc           15%        N/A       75%         5


Dungeon Overview and Level Annotations

Branches:
Dungeon (2/15)

Altars:

Shops:
D:1 *

Annotations:
D:3 Terence


Message History

You don't have enough magic to cast this spell.
Unknown command.
Casting: Searing Ray (safe; 1% risk of failure)
Confirm with . or Enter, or press ? or * to list all spells.
Aiming: Magic Dart (safe; 1% risk of failure)
Press: ? - help, Shift-Dir - straight line, f/p - Terence
Aim: Terence, wielding a +0 falchion and wearing a +0 chain mail (moderately wounded, 100% to hit)
The magic dart hits Terence!
Terence is severely wounded.
Terence hits you with a +0 falchion.
Casting: Magic Dart (safe; 1% risk of failure)
Confirm with . or Enter, or press ? or * to list all spells.
You don't have enough magic to cast this spell.
You hear the slow rusting of a very distant drain.
Terence closely misses you.
Terence says, "Don't bother to defend, it's useless."
Casting: Magic Dart (safe; 1% risk of failure)
Confirm with . or Enter, or press ? or * to list all spells.
Aiming: Magic Dart (safe; 1% risk of failure)
Press: ? - help, Shift-Dir - straight line, f/p - Terence
Aim: Terence, wielding a +0 falchion and wearing a +0 chain mail (severely wounded, 100% to hit)
The magic dart hits Terence.
Terence is almost dead.
Terence closely misses you. Terence attacks as you move away!
Terence hits you but does no damage. Terence attacks as you move away!
Terence hits you with a +0 falchion.
Casting: Magic Dart (safe; 1% risk of failure)
Confirm with . or Enter, or press ? or * to list all spells.
Aiming: Magic Dart (safe; 1% risk of failure)
Press: ? - help, Shift-Dir - straight line, f/p - Terence
Aim: Terence, wielding a +0 falchion and wearing a +0 chain mail (almost dead, 100% to hit)
The magic dart hits Terence.
Terence is almost dead.
Terence hits you with a +0 falchion!
* * * LOW HITPOINT WARNING * * *
Terence attacks as you move away! Terence hits you with a +0 falchion.
* * * LOW HITPOINT WARNING * * *
Terence attacks as you move away! Terence completely misses you.
Terence attacks as you move away! Terence hits you with a +0 falchion!
You die...

#.##.##.##.#
#.##.##.##.#
#.##.##.##.#
#.##.##.##.#
#.##.##.##.#
#.##..#.##.#########
#.###.#.##..........
#.###.#.###########.
#.@@..#.............
#####.##############
###


You could see Terence.

Vanquished Creatures
  2 adders (D:2)
  2 worms (D:2)
  A dart slug (D:2)
  2 ball pythons (D:1)
  4 bats
  6 endoplasms
  2 giant cockroaches (D:1)
  A goblin (D:1)
  3 hobgoblins (D:1)
  4 quokkas
  2 frilled lizards (D:1)
  A kobold (D:1)
  5 rats
35 creatures vanquished.

Notes
Turn   | Place    | Note
-------+----------+-------------------------------------------
     0 | D:1      | fleeber the Deep Elf Conjurer began the quest for the Orb.
     0 | D:1      | Reached XP level 1. HP: 10/10 MP: 6/6
    21 | D:1      | Found a faded altar of an unknown god.
   235 | D:1      | Reached XP level 2. HP: 15/15 MP: 2/8
   305 | D:1      | Reached skill level 1 in Translocations
  1036 | D:1      | Reached XP level 3. HP: 19/19 MP: 6/10
  1077 | D:1      | Found Ophusk's General Store.
  1193 | D:1      | Learned a level 2 spell: Searing Ray
  1836 | D:2      | Reached skill level 5 in Conjurations
  2321 | D:2      | You fall into a shaft and drop 1 floor!
  2409 | D:3      | Noticed Terence
  2441 | D:3      | Slain by Terence

Illustrated notes

Levels and vault maps discovered:
D:1:      lemuel_arrival_river_bridge, layout_loops_ring,
          ebering_ecumenical_altar_ruins, serial_shops, nicolae_square_shop,
          st_stairs_4, solitary_fountain, minmay_misc_feat_ornament
D:2:      layout_loops_corners, kennysheep_generic_room_11
D:3:      layout_basic, old_standard_altar, portal_sewer_entry_e, uniq_terence

Skill      XL: |  1  2  3 |
---------------+----------+-----
Translocations | 1 2 |  2.0
Spellcasting   | 4 |  4.1
Conjurations   | 5 |  5.0
Dodging        | |  2.4
Stealth        | |  2.4

Action                   || total
-------------------------++-------
 Cast: Magic Dart        ||    86
       Searing Ray       ||     4
  Use: Scroll            ||     3
Armor: Robe              ||     2
Dodge: Dodged            ||    10
